Map: Void Training Stage 3

Players

LindyHop - Winner!

  • Race: Zerg Zerg
  • League: Platinum

Player 2

  • Race: Terran Terran

VOD

Have the link to the VOD?

Description

Time

  • Played on: Dec. 10, 2015, 7:28 p.m.
  • Length: 10:11
Show
View Real Time Build Order
Export as new Build Order

LindyHop Zerg - Winner!

Build Orders: Hatch First 

Get SALT Encoding   

  12  0:01  Drone  
  13  0:14  Overlord  
  13  0:18  Drone  
  14  0:32  Drone x2  
  16  0:36  Drone  
  17  0:56  Hatchery  
  16  1:01  Drone  
  16  1:02  Drone  
  18  1:05  Extractor  
  18  1:08  Drone  
  18  1:23  Spawning Pool  
  17  1:28  Drone  
  17  1:30  Drone  
  19  1:41  Overlord  
  19  1:51  Drone  
  20  2:03  Drone  
  21  2:10  Metabolic Boost  
  21  2:17  Queen  
  21  2:19  Queen  
  21  2:20  Overlord  
  25  2:33  Drone  
  25  2:35  Zergling x4  
  28  2:42  Drone  
  28  2:43  Drone  
  30  2:49  Overlord  
  30  2:56  Queen  
  32  3:05  Drone x3  
  34  3:07  Drone x2  
  37  3:17  Drone  
  37  3:19  Drone  
  39  3:27  Overlord  
  39  3:29  Drone  
  39  3:30  Drone  
  41  3:40  Roach Warren  
  40  3:42  Hatchery  
  39  3:51  Extractor  
  39  3:52  Extractor  
  39  3:54  Drone x6  
  43  4:02  Drone x3  
  46  4:03  Drone x2  
  46  4:08  Queen  
  50  4:12  Overlord  
  50  4:27  Overlord x2  
  50  4:35  Zergling x10  
  55  4:40  Drone x3  
  55  4:42  Drone x2  
  60  4:49  Evolution Chamber x2  
  58  4:53  Lair  
  58  4:59  Drone x3  
  61  5:20  Zerg Missile Weapons Level 1  
  61  5:21  Zerg Ground Armor Level 1  
  61  5:22  Overlord x2  
  61  5:34  Extractor  
  60  5:37  Extractor  
  60  5:40  Extractor  
  58  5:45  Drone x4  
  58  5:48  Roach  
  58  5:49  Glial Reconstitution, Roach x2  
  68  5:51  Roach  
  68  5:52  Roach x7  
  81  6:03  Roach x3  
  83  6:14  Queen  
  83  6:17  Roach x5  
  83  6:18  Roach x2  
  97  6:19  Overlord  
  97  6:33  Overlord x2  
  97  6:43  Roach x2  
  97  6:44  Roach x2  
  105  6:54  Roach  
  105  6:55  Roach x7  
  105  6:56  Overlord  
  105  6:59  Overlord  
  105  7:00  Overlord  
  121  7:15  Roach x4  
  129  7:28  Roach  
  129  7:29  Roach x7  
  145  7:33  Overlord x2  
  145  7:50  Overlord x2  
  147  7:51  Roach x5  
  155  8:01  Roach  
  155  8:02  Roach x2  
  161  8:11  Roach  
  161  8:12  Roach x7  
  177  8:26  Overlord x3  
  177  8:46  Roach x11  
  199  8:49  Burrow  
  199  9:10  Roach x2  
  199  9:21  Ravager  
  198  9:49  Ravager x4  
Show
View Real Time Build Order
Export as new Build Order

Player 2 Terran 

Build Orders:  

Get SALT Encoding   

  12  0:00  SCV  
  13  0:13  SCV  
  14  0:20  Supply Depot  
  14  0:25  SCV  
  15  0:41  SCV  
  16  0:44  Barracks  
  16  0:49  Refinery  
  16  0:53  SCV  
  17  1:05  SCV  
  18  1:18  Supply Depot  
  18  1:31  Marine  
  19  1:34  Barracks, Orbital Command  
  19  1:43  Refinery  
  19  1:51  Barracks Tech Lab  
  19  2:02  Factory  
  19  2:09  Marine  
  20  2:21  Marine  
  21  2:24  Supply Depot  
  21  2:30  Marine  
  22  2:39  Marine  
  23  2:49  SCV, Hellion  
  26  2:58  Marine  
  26  3:01  SCV  
  26  3:04  Engineering Bay  
  28  3:07  Marine  
  28  3:12  Supply Depot  
  29  3:13  SCV  
  29  3:17  Hellion  
  32  3:25  SCV  
  33  3:38  SCV  
  33  3:39  Hellion  
  36  3:50  SCV  
  37  5:19  Barracks Tech Lab  
  37  5:20  SCV, Marauder  
  40  5:23  Factory Tech Lab, Factory  
  40  5:24  Supply Depot  
  40  5:25  Missile Turret  
  40  5:27  Command Center, Missile Turret  
  40  5:30  Barracks  
  40  5:32  SCV  
  41  5:37  Sensor Tower  
  41  5:41  Marauder  
  43  5:48  Siege Tank  
  43  5:49  Starport, Bunker  
  46  5:50  Supply Depot  
  39  6:04  Marine  
  39  6:06  Factory Tech Lab  
  36  6:16  Marine  
  35  6:26  Armory, Barracks Reactor, Starport Tech Lab  
  35  6:28  Marine  
  36  6:40  SCV, Marine  
  36  6:43  SCV  
  36  6:44  Raven  
  41  6:51  Refinery  
  41  6:52  SCV, Missile Turret  
  41  6:53  Marine  
  43  6:55  SCV  
  43  6:58  Missile Turret  
  44  7:04  SCV  
  44  7:05  Marine  
  44  7:07  SCV  
  47  7:16  SCV  
  47  7:17  Siege Tank  
  47  7:19  SCV, Bunker  
  52  7:27  Raven  
  52  7:29  SCV, Cyclone  
  58  7:31  SCV  
  59  7:41  SCV  
  59  7:44  SCV  
  61  7:53  SCV  
  61  7:56  SCV  
  63  8:05  SCV  
  64  8:07  Refinery  
  64  8:08  SCV  
  65  8:17  SCV  
  66  8:20  SCV  
  67  8:29  SCV  
  67  8:32  SCV  
  69  8:36  Supply Depot  
  69  8:41  SCV  
  70  9:01  SCV  
  70  9:31  Marine  
  70  9:35  Supply Depot  
  70  9:37  Medivac  
  70  9:38  Marauder  
  45  9:46  Command Center, Starport  
  45  9:51  Marine  
  33  9:54  Ghost Academy  
Tags
 
Add a new tag
Caveats
  • Supply blocks, unpowered buildings, or Contaminate may cause inaccurate times.
  • Supply counts are checked every 10 seconds.